 Dungeon Crawl Stone Soup version 0.19.1 (webtiles) character file.

546 Dfrag the Magician (level 7, 0/55 HPs)
             Began as a Naga Conjurer on Nov 25, 2016.
             Slain by Pikel
             ... wielding a +2 whip of flaming
              (2 damage)
             ... on level 4 of the Dungeon.
             The game lasted 00:05:07 (3178 turns).

Dfrag the Magician (Naga Conjurer)                  Turns: 3178, Time: 00:05:07

Health: 0/55       AC:  5    Str: 10    XL:     7   Next: 28%
Magic:  0/16       EV: 10    Int: 24    God:
Gold:   154        SH:  0    Dex: 11    Spells: 2 memorised, 15 levels left

rFire  + . .     SeeInvis +     (no weapon)
rCold  x . .     Gourm    .     a - +0 robe
rNeg   . . .     Faith    .     (no shield)
rPois  +         Spirit   .     p - +0 helmet
rElec  .         Reflect  .     (no cloak)
rCorr  .         Harm     .     n - +0 pair of gloves
MR     .....                    (no barding)
Stlth  ++........               (no amulet)
                                w - +6 ring of intelligence
                                e - ring of fire

@: short of breath, very slow
A: see invisible, deformed body, poison resistance, slowness 2, slow metabolism
1, spit poison 1, AC +2
a: Spit Poison


You were on level 4 of the Dungeon.
You were not hungry.

You visited 1 branch of the dungeon, and saw 4 of its levels.

You collected 154 gold pieces.

Inventory:

Armour
 a - a +0 robe (worn)
 n - a +0 pair of gloves (worn)
 p - a +0 helmet (worn)
Jewellery
 e - a ring of fire (left hand)
 w - a +6 ring of intelligence (right hand)
Scrolls
 d - 3 scrolls of enchant armour {unknown}
 g - 5 scrolls of identify {unknown}
 k - 2 scrolls of recharging {unknown}
 l - 3 scrolls of remove curse {unknown}
 q - a scroll of teleportation {unknown}
 r - a scroll of blinking {unknown}
 v - a scroll of enchant weapon {unknown}
 x - a scroll of magic mapping {unknown}
 y - a scroll of random uselessness {unknown}
Potions
 f - 2 potions of heal wounds
 i - 2 potions of might {unknown}
 j - a potion of flight {unknown}
 o - 2 potions of brilliance {unknown}
 t - a potion of curing {unknown}
 u - a potion of haste {unknown}
 z - a potion of berserk rage {unknown}
 A - a potion of cure mutation {unknown}
Books
 b - a book of Conjurations

   Spells                             Type                      Level
   a - Magic Dart                     Conjuration                  1
   b - Searing Ray                    Conjuration                  2
   c - Dazzling Spray                 Conjuration/Hexes            3
   d - Fulminant Prism                Conjuration/Hexes            4
   e - Iskenderun's Mystic Blast      Conjuration                  4
   f - Iskenderun's Battlesphere      Conjuration/Charms           5
Comestibles
 c - 6 bread rations
 h - 2 royal jellies
 m - 3 meat rations
 s - 4 fruits


   Skills:
 - Level 1.5 Dodging
 - Level 3.0 Stealth
 * Level 6.0 Spellcasting
 + Level 5.7 Conjurations


You had 15 spell levels left.
You knew the following spells:

 Your Spells              Type           Power        Failure   Level  Hunger
a - Magic Dart            Conj           ####         1%          1    None
b - Searing Ray           Conj           ####..       1%          2    None


Dungeon Overview and Level Annotations

Branches:
Dungeon (4/15)
 Temple: D:4-7

Altars:
Ashenzari

Annotations:
D:4 Pikel


Innate Abilities, Weirdness & Mutations

You cannot wear boots.
Your serpentine skin is tough. (AC +2)
You have supernaturally acute eyesight. (SInv)
Armour fits poorly on your strangely shaped body.
Your system is resistant to poisons. (rPois)
You cover ground very slowly.
You have a slow metabolism.
You can spit poison.


Message History

The searing ray hits Pikel.
Pikel is severely wounded.
Pikel hits you with a whip of flaming.
* * * LOW HITPOINT WARNING * * *
Pikel burns you.
* * * LOW HITPOINT WARNING * * *
The searing ray hits Pikel.
Pikel is almost dead.
The searing ray hits the slave.
The slave is almost dead.
You finish channeling your searing ray.
Pikel misses you.
Unknown command.
Press: ? - help, Shift-Dir - straight line, f/p - Pikel
Aim: Pikel, wielding a whip of flaming and wearing a robe (almost dead)
The splash of poison misses Pikel.
The splash of poison hits the slave.
The slave is almost dead.
You feel slightly more hungry. Pikel hits you with a whip of flaming!
* * * LOW HITPOINT WARNING * * *
Pikel burns you.
You die...

#...# #.# ##..#
#.# ########
#.># #.#
#......# ##.#
#.# .......##
#####.###.#
#####...#
#.........# #.#
....#.#.#
#.###.##### #.#
....#.#.# #.#
#.# #)#
....#.#.# #.#
#@# #.#
....#...# #.#
#K# #p#
#####...# #.#
#p# #p#
......#.# #.#
#p# #[#
#.#####.####.#
#.# #.#
.............#
#.###########.#
#######.######
#...p....[....#
#.#
###############
#.#


You could see Pikel and 2 slaves.

Vanquished Creatures
  A phantom (D:4)
  2 slaves (D:4)
  An ogre (D:4)
  A howler monkey (D:4)
  An orc wizard (D:4)
  Jessica (D:3)
  A centaur skeleton (D:4)
  3 worker ants (D:4)
  Robin (D:4)
  3 gnolls (D:3)
  5 adders
  An ooze (D:2)
  2 worms
  2 dart slugs
  2 leopard geckos
  7 orcs
  3 giant cockroaches
  10 hobgoblins
  9 jackals
  6 kobolds
  A quokka (D:3)
  6 bats
  4 frilled lizards
  13 goblins
  A leopard gecko skeleton (D:4)
  4 rats
91 creatures vanquished.

Notes
Turn   | Place    | Note
-------+----------+-------------------------------------------
     0 | D:1      | Dfrag the Naga Conjurer began the quest for the Orb.
     0 | D:1      | Reached XP level 1. HP: 15/15 MP: 3/3
    84 | D:1      | Reached XP level 2. HP: 15/22 MP: 1/5
   412 | D:1      | Learned a level 2 spell: Searing Ray
   625 | D:2      | Found a shattered altar of Ashenzari.
   649 | D:2      | Reached XP level 3. HP: 19/28 MP: 0/7
   660 | D:2      | You fall through a shaft for 2 floors!
   692 | D:4      | Noticed Robin
   985 | D:4      | Reached skill level 3 in Spellcasting
   985 | D:4      | Reached XP level 4. HP: 36/36 MP: 2/9
  1071 | D:4      | Killed Robin
  1413 | D:4      | Reached skill level 4 in Spellcasting
  1413 | D:4      | Reached XP level 5. HP: 36/42 MP: 6/11
  1439 | D:4      | Reached skill level 5 in Conjurations
  1805 | D:3      | Reached XP level 6. HP: 45/49 MP: 6/13
  2374 | D:2      | Reached skill level 5 in Spellcasting
  2438 | D:3      | Noticed Jessica
  2445 | D:3      | Killed Jessica
  2802 | D:4      | Reached XP level 7. HP: 28/55 MP: 7/15
  3094 | D:4      | Reached skill level 6 in Spellcasting
  3135 | D:4      | Noticed Pikel
  3178 | D:4      | HP: 2/55 [Pikel/whip of flaming (10)]
  3178 | D:4      | Slain by Pikel

Skill      XL: |  1  2  3  4  5  6  7 |
---------------+----------------------+-----
Spellcasting   | 3 4 5 6 |  6.0
Conjurations   | 5 |  5.7
Dodging        | |  1.5
Stealth        | |  3.0

Action                   |  1- 3 |  4- 6 |  7- 9 || total
-------------------------+-------+-------+-------++-------
Melee: Unarmed           |     6 |     7 |       ||    13
 Cast: Magic Dart        |    41 |    62 |     5 ||   108
       Searing Ray       |     1 |    13 |    10 ||    24
 Abil: Spit Poison       |    15 |    28 |     9 ||    52
  Use: Potion            |       |       |     1 ||     1
  Eat: Chunk             |       |     8 |     1 ||     9
Armor: Robe              |     4 |    10 |     7 ||    21
Dodge: Dodged            |    18 |    27 |    11 ||    56
